3AAA
HIALEAH DODOS @ BLOOMINGTON LONGNECKS
09/04/2025
 
TOP OF THE 1ST
Hialeah Dodos batting - Pitching for Bloomington Longnecks : RHP Pedro Lara
Pitching: RHP Pedro Lara
Batting: SHB Javier Gonzáles 0-0: Called Strike
0-1: Ball
1-1: Called Strike
1-2: Ball
2-2: Ball
3-2: SINGLE (Groundball, 34D)
Batting: LHB Perry Bothof 0-0: Called Strike
0-1: Ball
1-1: Called Strike
1-2: Fly out, F9 (Flyball, 9)
Batting: LHB Álex Burgos 0-0: Called Strike
0-1: SINGLE (Groundball, 34) (infield hit)
Javier Gonzáles to second
Batting: LHB Scott Janousek 0-0: Foul Ball, location: 2F
0-1: Swinging Strike
0-2: Ball
1-2: Ball
2-2: Strikes out swinging
Batting: RHB Diego Bonilla 0-0: Called Strike
0-1: Ball
1-1: Ball
2-1: Swinging Strike
2-2: SINGLE (Groundball, 34D)
Javier Gonzáles to third
Álex Burgos to second
Runner from 3rd tries for Home, SAFE, no throw
Batting: RHB Vincente Rotham 0-0: Ball
1-0: Ball
2-0: Swinging Strike
2-1: Fielders Choice at 2nd, 4-6 (Groundball, 4)
Top of the 1st over - 1 run(s), 3 hit(s), 0 error(s), 1 left on base; Hialeah 1 - Bloomington 0
BOTTOM OF THE 1ST
Bloomington Longnecks batting - Pitching for Hialeah Dodos : RHP Huai-yu Kan
Pitching: RHP Huai-yu Kan
Batting: RHB Raúl Delgado 0-0: Ball
1-0: Foul Ball, location: 2F
1-1: Called Strike
1-2: Foul Ball, location: 2F
1-2: Fly out, F7 (Flyball, 7S)
Batting: LHB Gonzalo López 0-0: Called Strike
0-1: Ball
1-1: Ball
2-1: Ball
3-1: Base on Balls
Batting: RHB Ethan Miller 0-0: Ball
1-0: Called Strike
1-1: Ball
2-1: Ball
3-1: Grounds into double play, 5-4-3 (Groundball, 56)
Bottom of the 1st over - 0 run(s), 0 hit(s), 0 error(s), 0 left on base; Hialeah 1 - Bloomington 0
TOP OF THE 2ND
Hialeah Dodos batting - Pitching for Bloomington Longnecks : RHP Pedro Lara
Batting: LHB Errol Levick 0-0: SINGLE (Groundball, 6MD)
Batting: RHB Javier Santos 0-0: SINGLE (Line Drive, 4M)
Errol Levick to second
Batting: RHB Daniel Ruíz 0-0: Ball
1-0: Foul Ball, location: 2F
1-1: Ball
2-1: Ball
3-1: Grounds into double play, 3-6-3 (Groundball, 34)
Errol Levick to third
Batting: SHB Javier Gonzáles 0-0: Called Strike
0-1: Ball
1-1: Ball
2-1: Foul Ball, location: 2F
2-2: Strikes out looking
Top of the 2nd over - 0 run(s), 2 hit(s), 0 error(s), 1 left on base; Hialeah 1 - Bloomington 0
BOTTOM OF THE 2ND
Bloomington Longnecks batting - Pitching for Hialeah Dodos : RHP Huai-yu Kan
Batting: RHB Darrell Terwey 0-0: Called Strike
0-1: Ball
1-1: Called Strike
1-2: Ball
2-2: Ball
3-2: SINGLE (Line Drive, 7S)
Batting: LHB Fernando González 0-0: Ball
1-0: Called Strike
1-1: Grounds into double play, 4-6-3 (Groundball, 34)
Batting: RHB Frank Crocker 0-0: Ball
1-0: Swinging Strike
1-1: Foul Ball, location: 2F
1-2: Strikes out swinging
Bottom of the 2nd over - 0 run(s), 1 hit(s), 0 error(s), 0 left on base; Hialeah 1 - Bloomington 0
TOP OF THE 3RD
Hialeah Dodos batting - Pitching for Bloomington Longnecks : RHP Pedro Lara
Batting: LHB Perry Bothof 0-0: Ball
1-0: Foul Ball, location: 2F
1-1: Foul Ball, location: 2F
1-2: Foul Ball, location: 2F
1-2: Ball
2-2: SINGLE (Groundball, 34D)
Batting: LHB Álex Burgos 0-0: Called Strike
0-1: Foul Ball, location: 2F
0-2: Foul Ball, location: 2F
0-2: Ball
1-2: Foul Ball, location: 2F
1-2: Foul Ball, location: 2F
1-2: Ball
2-2: Strikes out swinging
Batting: LHB Scott Janousek 0-0: Ball
1-0: SINGLE (Groundball, 4MD)
Perry Bothof to second
Batting: RHB Diego Bonilla 0-0: Ball
1-0: Called Strike
1-1: Foul Ball, location: 2F
1-2: Fly out, F9 (Line Drive, 89D)
Runner from 2nd tags up, SAFE at 3rd, no throw
Batting: RHB Vincente Rotham 0-0: Called Strike
0-1: Ball
1-1: Ball
2-1: Foul Ball, location: 2F
2-2: Ground out 1-3 (Groundball, 15S)
Top of the 3rd over - 0 run(s), 2 hit(s), 0 error(s), 2 left on base; Hialeah 1 - Bloomington 0
BOTTOM OF THE 3RD
Bloomington Longnecks batting - Pitching for Hialeah Dodos : RHP Huai-yu Kan
Batting: LHB Felipe López 0-0: Called Strike
0-1: Foul Ball, location: 2F
0-2: Ball
1-2: Ball
2-2: Ground out 4-3 (Groundball, 4S)
Now at 2B: Juan Ortega
Batting: RHB Aurelio Vázquez 0-0: Ball
1-0: Ball
2-0: Called Strike
2-1: Ball
3-1: Foul Ball, location: 2F
3-2: Foul Ball, location: 2F
3-2: Base on Balls
Batting: SHB Jared Jefferson 0-0: Called Strike
0-1: 2-RUN HOME RUN (Line Drive, 89XD), Distance : 388 ft
Batting: RHB Raúl Delgado 0-0: Ball
1-0: SINGLE (Line Drive, 89S)
Batting: LHB Gonzalo López 0-0: Ball
1-0: Called Strike
1-1: SINGLE (Groundball, 34D)
Raúl Delgado to second
Runner from 2nd tries for 3rd, SAFE, no throw
Batting: RHB Ethan Miller 0-0: Called Strike
0-1: Foul Ball, location: 2F
0-2: Ball
1-2: Foul Ball, location: 2F
1-2: Fly out, F8 (Flyball, 8LS)
Runner from 3rd tags up, SCORES, no throw
Batting: RHB Darrell Terwey 0-0: Ball
1-0: Fly out, F4 (Popup, 3D)
Bottom of the 3rd over - 3 run(s), 3 hit(s), 0 error(s), 1 left on base; Hialeah 1 - Bloomington 3
TOP OF THE 4TH
Hialeah Dodos batting - Pitching for Bloomington Longnecks : RHP Pedro Lara
Batting: LHB Errol Levick 0-0: Called Strike
0-1: Ball
1-1: Foul Ball, location: 2F
1-2: Strikes out swinging
Batting: SHB Juan Ortega 0-0: Foul Ball, location: 2F
0-1: Ball
1-1: Ball
2-1: Ball
3-1: Base on Balls
Batting: RHB Daniel Ruíz 0-0: Swinging Strike
0-1: Called Strike
0-2: Strikes out swinging
Juan Ortega steals 2nd base
Batter strikes out.
Batting: SHB Javier Gonzáles 0-0: Ball
1-0: SINGLE (Groundball, 23) (infield hit)
Juan Ortega to third
Batting: LHB Perry Bothof 0-0: Ball
1-0: Foul Ball, location: 2F
1-1: SINGLE (Groundball, 4MD)
Juan Ortega scores
Javier Gonzáles to second
Runner from 2nd tries for 3rd, SAFE, throw made to third
Pinch Runner at 3rd Vincente Ybarra:
Batting: LHB Álex Burgos 0-0: Ball
1-0: Called Strike
1-1: Swinging Strike
1-2: Ball
2-2: Ball
3-2: Strikes out looking
Top of the 4th over - 1 run(s), 2 hit(s), 0 error(s), 2 left on base; Hialeah 2 - Bloomington 3
BOTTOM OF THE 4TH
Bloomington Longnecks batting - Pitching for Hialeah Dodos : RHP Huai-yu Kan
Now in RF: Vincente Ybarra
Batting: LHB Fernando González 0-0: Ground out 6-3 (Groundball, 6)
Batting: RHB Frank Crocker 0-0: Foul Ball, location: 2F
0-1: Fly out, F9 (Line Drive, 89M)
Batting: LHB Felipe López 0-0: Ball
1-0: Called Strike
1-1: Ball
2-1: Ball
3-1: Foul Ball, location: 2F
3-2: Base on Balls
Batting: RHB Aurelio Vázquez 0-0: Ball
1-0: Fly out, F8 (Flyball, 8RM)
Bottom of the 4th over - 0 run(s), 0 hit(s), 0 error(s), 1 left on base; Hialeah 2 - Bloomington 3
TOP OF THE 5TH
Hialeah Dodos batting - Pitching for Bloomington Longnecks : RHP Pedro Lara
Batting: LHB Scott Janousek 0-0: Ball
1-0: Swinging Strike
1-1: Foul Ball, location: 2F
1-2: SINGLE (Flyball, 56D)
Batting: RHB Diego Bonilla 0-0: Called Strike
0-1: Ball
1-1: Swinging Strike
1-2: Strikes out swinging
Batting: RHB Vincente Rotham 0-0: Ball
Scott Janousek steals 2nd base
1-0: Ball
2-0: Ball
3-0: Base on Balls
Batting: LHB Errol Levick 0-0: Called Strike
0-1: Swinging Strike
0-2: Fly out, F4 (Line Drive, 4)
Lined into DP, 4-6 (Line Drive, 4)
Top of the 5th over - 0 run(s), 1 hit(s), 0 error(s), 1 left on base; Hialeah 2 - Bloomington 3
BOTTOM OF THE 5TH
Bloomington Longnecks batting - Pitching for Hialeah Dodos : RHP Huai-yu Kan
Batting: SHB Jared Jefferson 0-0: Ball
1-0: Foul Ball, location: 2F
1-1: Called Strike
1-2: Fly out, F9 (Flyball, 9S)
Batting: RHB Raúl Delgado 0-0: Ball
1-0: SINGLE (Flyball, 9LS)
Batting: LHB Gonzalo López 0-0: Ball
1-0: Foul Ball, location: 2F
1-1: Foul Ball, location: 2F
1-2: Strikes out swinging
Batting: RHB Ethan Miller 0-0: Swinging Strike
0-1: Swinging Strike
0-2: Ball
1-2: Ball
2-2: Foul Ball, location: 2F
2-2: Ground out 5-3 (Groundball, 25)
Bottom of the 5th over - 0 run(s), 1 hit(s), 0 error(s), 1 left on base; Hialeah 2 - Bloomington 3
TOP OF THE 6TH
Hialeah Dodos batting - Pitching for Bloomington Longnecks : RHP Pedro Lara
Batting: SHB Juan Ortega 0-0: Called Strike
0-1: SINGLE (Groundball, 4D)
Batting: RHB Daniel Ruíz 0-0: Ball
1-0: Bunt missed!
1-1: Bunted foul
1-2: Strikes out swinging
Batting: SHB Vincente Ybarra 0-0: Ball
Wild Pitch!
Juan Ortega to second
1-0: SINGLE (Groundball, 25) (infield hit)
Juan Ortega to third
Batting: LHB Perry Bothof 0-0: Ball
1-0: Fly out, F9 (Flyball, 9S)
Batting: LHB Álex Burgos 0-0: Called Strike
0-1: Ball
Vincente Ybarra is caught stealing 2nd base
Top of the 6th over - 0 run(s), 2 hit(s), 0 error(s), 0 left on base; Hialeah 2 - Bloomington 3
BOTTOM OF THE 6TH
Bloomington Longnecks batting - Pitching for Hialeah Dodos : RHP Huai-yu Kan
Batting: RHB Darrell Terwey 0-0: Ground out 5-3 (Groundball, 6S)
Batting: LHB Fernando González 0-0: Foul Ball, location: 2F
0-1: SINGLE (Groundball, 6D)
Batting: RHB Frank Crocker 0-0: Swinging Strike
0-1: Foul Ball, location: 2F
0-2: Ball
1-2: Ball
2-2: Foul Ball, location: 2F
2-2: Ball
3-2: Foul Ball, location: 2F
3-2: Foul Ball, location: 2F
3-2: Base on Balls
Fernando González to second
Batting: LHB Felipe López 0-0: Called Strike
0-1: SINGLE (Groundball, 34D)
Fernando González to third
Frank Crocker to second
Runner from 3rd tries for Home, SAFE, throw made home
Now in RF: Alfonso Núñez
Batting: RHB Aurelio Vázquez 0-0: Called Strike
0-1: Swinging Strike
0-2: Fly out, F7 (Flyball, 7S)
Batting: SHB Jared Jefferson 0-0: Foul Ball, location: 2F
0-1: Swinging Strike
0-2: Ball
1-2: Ball
2-2: Foul Ball, location: 2F
2-2: Foul Ball, location: 2F
2-2: Foul Ball, location: 2F
2-2: Strikes out swinging, 2-3 out at first.
Bottom of the 6th over - 1 run(s), 2 hit(s), 0 error(s), 2 left on base; Hialeah 2 - Bloomington 4
TOP OF THE 7TH
Hialeah Dodos batting - Pitching for Bloomington Longnecks : RHP Pedro Lara
Batting: LHB Álex Burgos 0-0: Foul Ball, location: 2F
0-1: SINGLE (Line Drive, 3D)
Pitching: LHP Carl Dyess
Batting: LHB Scott Janousek 0-0: Ball
1-0: Foul Ball, location: 2F
1-1: Ball
2-1: Foul Ball, location: 2F
2-2: Strikes out swinging
Batting: RHB Diego Bonilla 0-0: Ball
1-0: Called Strike
1-1: Fly out, F8 (Flyball, 89M)
Batting: RHB Vincente Rotham 0-0: Foul Ball, location: 2F
0-1: Hit by Pitch
Álex Burgos to second
Pinch Hitting: RHB Alexis Smeddon 0-0: Fielders Choice at 2nd, 5-4 (Groundball, 56)
Top of the 7th over - 0 run(s), 1 hit(s), 0 error(s), 1 left on base; Hialeah 2 - Bloomington 4
BOTTOM OF THE 7TH
Bloomington Longnecks batting - Pitching for Hialeah Dodos : RHP Huai-yu Kan
Now at 1B: Ji-chol Yang
Batting: RHB Raúl Delgado 0-0: Ground out 3-1 (Groundball, 34S)
Batting: LHB Gonzalo López 0-0: Ball
1-0: Fly out, F8 (Flyball, 89D)
Batting: RHB Ethan Miller 0-0: Ball
1-0: Ball
2-0: Fly out, F7 (Flyball, 7S)
Bottom of the 7th over - 0 run(s), 0 hit(s), 0 error(s), 0 left on base; Hialeah 2 - Bloomington 4
TOP OF THE 8TH
Hialeah Dodos batting - Pitching for Bloomington Longnecks : LHP Carl Dyess
Now at 3B: Dave Farr
Batting: SHB Juan Ortega 0-0: Ball
1-0: Foul Ball, location: 2F
1-1: SINGLE (Groundball, 6MD)
Pitching: RHP Del Lamb
Batting: RHB Daniel Ruíz 0-0: Ball
1-0: Called Strike
1-1: Foul Ball, location: 2F
1-2: Ball
2-2: Foul Ball, location: 2F
2-2: Grounds into double play, 4-6-3 (Groundball, 4)
Batting: LHB Alfonso Núñez 0-0: Called Strike
0-1: Called Strike
0-2: Ball
1-2: SINGLE (Line Drive, 3)
Batting: LHB Perry Bothof 0-0: Called Strike
0-1: Foul Ball, location: 2F
0-2: Ball
1-2: Foul Ball, location: 2F
1-2: Ball
2-2: Foul Ball, location: 2F
2-2: Strikes out looking
Top of the 8th over - 0 run(s), 2 hit(s), 0 error(s), 1 left on base; Hialeah 2 - Bloomington 4
BOTTOM OF THE 8TH
Bloomington Longnecks batting - Pitching for Hialeah Dodos : RHP Huai-yu Kan
Pitching: LHP Travis Grant
Batting: RHB Darrell Terwey 0-0: Ball
1-0: Ball
2-0: Ball
3-0: Called Strike
3-1: Foul Ball, location: 2F
3-2: Foul Ball, location: 2F
3-2: Base on Balls
Batting: LHB Fernando González 0-0: Foul Ball, location: 2F
0-1: Ball
1-1: Called Strike
1-2: Strikes out looking
Batting: RHB Frank Crocker 0-0: Ball
1-0: Called Strike
1-1: Foul Ball, location: 2F
1-2: Foul Ball, location: 2F
1-2: Reached on error, E5 (Groundball, 56S)
Darrell Terwey to third
Pinch Hitting: SHB Adrián Pueblo 0-0: Ball
1-0: Foul Ball, location: 2F
1-1: Foul Ball, location: 2F
1-2: SINGLE (Groundball, 6D)
Darrell Terwey scores
Frank Crocker to third
Runner from 3rd tries for Home, SAFE, no throw
Batting: RHB Aurelio Vázquez 0-0: Called Strike
0-1: Ball
1-1: Called Strike
1-2: SINGLE (Groundball, 34D)
Adrián Pueblo to second
Runner from 2nd tries for 3rd, SAFE, throw made to third
Batting: SHB Jared Jefferson 0-0: Foul Ball, location: 2F
0-1: Ball
1-1: Swinging Strike
1-2: Strikes out swinging
Batting: RHB Raúl Delgado 0-0: Ground out 5-3 (Groundball, 56S)
Bottom of the 8th over - 2 run(s), 2 hit(s), 1 error(s), 2 left on base; Hialeah 2 - Bloomington 6
TOP OF THE 9TH
Hialeah Dodos batting - Pitching for Bloomington Longnecks : RHP Del Lamb
Now in RF: Tom Potts
Batting: LHB Álex Burgos 0-0: Ball
1-0: Ball
2-0: Swinging Strike
2-1: Foul Ball, location: 2F
2-2: Ball
3-2: SOLO HOME RUN (Flyball, 89XD), Distance : 380 ft
Pitching: RHP John Watson
Batting: LHB Scott Janousek 0-0: Called Strike
0-1: Ball
1-1: Ball
2-1: Foul Ball, location: 2F
2-2: Fly out, F5 (Popup, 5S)
Batting: RHB Diego Bonilla 0-0: Ball
1-0: Called Strike
1-1: Ball
2-1: Ball
3-1: SOLO HOME RUN (Flyball, 7D), Distance : 376 ft
Batting: RHB Vincente Rotham 0-0: Ball
1-0: Ball
2-0: Called Strike
2-1: Foul Ball, location: 2F
2-2: Fly out, F4 (Popup, 4)
Batting: RHB Ji-chol Yang 0-0: Ball
1-0: DOUBLE (Flyball, 7D)
Pinch Hitting: LHB Raúl Aguirre 0-0: Foul Ball, location: 2F
0-1: Ball
1-1: Ball
2-1: Ball
3-1: Base on Balls
Pinch Hitting: RHB Lorenzo Ramírez 0-0: Ball
1-0: Ball
2-0: Foul Ball, location: 2F
2-1: Ball
3-1: Fly out, F7 (Flyball, 78M)
Top of the 9th over - 2 run(s), 3 hit(s), 0 error(s), 2 left on base; Hialeah 4 - Bloomington 6
Friday, December 30th, 2016 - OOTP Baseball 17.12 Build 75